 Dungeon Crawl Stone Soup version 0.21.1-1-g345015f (webtiles) character file.

83 vatarom the Chiller (level 4, 0/31 HPs)
             Began as a Barachi Ice Elementalist on Apr 5, 2018.
             Slain by a hound zombie (3 damage)
             ... on level 2 of the Dungeon.
             The game lasted 00:04:50 (1579 turns).

vatarom the Chiller (Barachi Ice Elementalist)      Turns: 1579, Time: 00:04:50

Health: 0/31       AC:  2    Str: 10    XL:     4   Next: 44%
Magic:  5/8        EV: 12    Int: 21    God:
Gold:   89         SH:  0    Dex: 12    Spells: 3/9 levels left

rFire    . . .     SeeInvis .   d - +0 short sword
rCold    . . .     Gourm    .   (no shield)
rNeg     . . .     Faith    .   a - +0 robe
rPois    .         Spirit   .   (no helmet)
rElec    .         Reflect  .   (no cloak)
rCorr    .         Harm     .   (no gloves)
MR       .....                  (no boots)
Stlth    ++........             (no amulet)
HPRegen  0.10/turn              (no ring)
MPRegen  0.11/turn              (no ring)

@: brilliant, slow
A: +LOS, swims, slowness 1, strong legs 1
a: Hop


You were on level 2 of the Dungeon.
You were not hungry.

You visited 1 branch of the dungeon, and saw 2 of its levels.

You collected 89 gold pieces.

Inventory:

Hand Weapons
 d - a +0 short sword (weapon)
Armour
 a - a +0 robe (worn)
Scrolls
 e - 2 scrolls of identify {unknown}
 g - 3 scrolls of enchant armour {unknown}
Potions
 h - a potion of haste {unknown}
Books
 b - a book of Frost

   Spells                             Type                      Level
   a - Freeze                         Ice                          1
   b - Throw Frost                    Conjuration/Ice              2
   c - Ozocubu's Armour               Charms/Ice                   3
   d - Throw Icicle                   Conjuration/Ice              4
   e - Summon Ice Beast               Ice/Summoning                4
Comestibles
 c - 3 rations


   Skills:
 + Level 0.3 Fighting
 - Level 2.1 Dodging
 - Level 1.7 Stealth
 + Level 3.1 Spellcasting
 + Level 1.2 Conjurations
 * Level 5.4 Ice Magic


You had 3 spell levels left.
You knew the following spells:

 Your Spells              Type           Power        Failure   Level  Hunger
a - Freeze                Ice            ####         1%          1    None
b - Throw Frost           Conj/Ice       ####..       1%          2    ##.....
c - Ozocubu's Armour      Chrm/Ice       ####....     1%          3    ###....


Dungeon Overview and Level Annotations

Branches:
Dungeon (2/15)

Altars:


Innate Abilities, Weirdness & Mutations

Shadows flee at your approach. (+LOS)
You can swim through water.
You cover ground slowly.
You can hop short distances.


Message History

Confirm with . or Enter, or press ? or * to list all spells.
Aiming: Freeze
Press: ? - help, Shift-Dir - straight line, f - hound zombie
Aim: a hound zombie (severely damaged)
You freeze the hound zombie.
The hound zombie completely resists.
The hound zombie is severely damaged.
The hound zombie bites you.
* * * LOW HITPOINT WARNING * * *
It was a potion of brilliance.
You feel clever all of a sudden. The hound zombie bites you.
* * * LOW HITPOINT WARNING * * *
Casting: Freeze
Confirm with . or Enter, or press ? or * to list all spells.
Aiming: Throw Frost
Press: ? - help, Shift-Dir - straight line, f/p - hound zombie
Aim: a hound zombie (severely damaged)
The puff of frost misses the hound zombie.
The hound zombie bites you.
You die...

#.# #........####
#.# #........# #.#
#........# #.#
########## #.# #.#
#.# #Z# #########
#@####.......#####
#.................
######....)..#####
#.......#
#.......#
#.......#
#.......#
#.......#####
#............


You could see a hound zombie.

Vanquished Creatures
  3 adders (D:2)
  An ooze (D:2)
  A worm (D:2)
  2 dart slugs (D:1)
  3 leopard geckos
  6 bats
  2 giant cockroaches (D:1)
  3 goblins
  5 hobgoblins
  4 jackals (D:1)
  2 frilled lizards
  2 kobolds (D:1)
  9 rats
43 creatures vanquished.

Notes
Turn   | Place    | Note
-------+----------+-------------------------------------------
     0 | D:1      | vatarom the Barachi Ice Elementalist began the quest for the Orb.
     0 | D:1      | Reached XP level 1. HP: 13/13 MP: 3/3
   200 | D:1      | Reached skill level 4 in Ice Magic
   200 | D:1      | Reached XP level 2. HP: 19/19 MP: 3/5
   600 | D:1      | Reached XP level 3. HP: 24/24 MP: 5/7
  1054 | D:2      | Reached skill level 5 in Ice Magic
  1218 | D:2      | Reached XP level 4. HP: 26/30 MP: 2/8
  1333 | D:2      | Learned a level 2 spell: Throw Frost
  1385 | D:2      | Learned a level 3 spell: Ozocubu's Armour
  1538 | D:2      | Found a faded altar of an unknown god.
  1579 | D:2      | Slain by a hound zombie

Skill      XL: |  1  2  3 |
---------------+----------+-----
Ice Magic      | 4 5 |  5.4
Spellcasting   | 3 |  3.1
Fighting       | |  0.3
Dodging        | |  2.1
Stealth        | |  1.7
Conjurations   | |  1.2

Action                   |  1- 3 |  4- 6 || total
-------------------------+-------+-------++-------
Melee: Short sword       |    36 |    20 ||    56
 Cast: Freeze            |    47 |     9 ||    56
       Throw Frost       |       |     3 ||     3
  Use: Potion            |       |     1 ||     1
 Stab: Sleeping          |     2 |       ||     2
  Eat: Chunk             |     2 |     1 ||     3
Armor: Robe              |    18 |    10 ||    28
Dodge: Dodged            |    44 |    17 ||    61
